 Dungeon Crawl Stone Soup version 0.25-a0-424-g80bd347ae0 (webtiles) character file.

Game seed: 12851108211510507273, levelgen mode: deterministic

196 MisterFreud the Stinger (level 5, -2/37 HPs)
             Began as a Gnoll Venom Mage on Jan 20, 2020.
             Killed from afar by an orc wizard (10 damage)
             ... with a magic dart
             ... on level 3 of the Dungeon.
             The game lasted 00:04:48 (1878 turns).

MisterFreud the Stinger (Gnoll Venom Mage)          Turns: 1878, Time: 00:04:48

Health: -2/37      AC:  3    Str: 10    XL:     5   Next: 75%
Magic:  8/12       EV: 15    Int: 18    God:
Gold:   152        SH:  0    Dex: 16    Spells: 13/14 levels left

rFire    . . .     SeeInvis .   u - +2 dagger (elec)
rCold    . . .     Gourm    .   (no shield)
rNeg     . . .     Faith    .   a - +0 robe
rPois    .         Spirit   .   (no helmet)
rElec    .         Reflect  .   (no cloak)
rCorr    .         Harm     .   (no gloves)
MR       .....                  n - +0 pair of boots
Stlth    +++.......             (no amulet)
HPRegen  0.12/turn              (no ring)
MPRegen  0.13/turn              (no ring)

@: no status effects
A: distributed training, fangs 1, strong nose
a: no special abilities


You were on level 3 of the Dungeon.
You were not hungry.

You visited 1 branch of the dungeon, and saw 3 of its levels.

You collected 152 gold pieces.

Inventory:

Hand Weapons
 i - a +0 short sword
 t - a +2 dagger of speed
 u - a +2 dagger of electrocution (weapon)
Missiles
 f - 101 stones (quivered)
 o - 26 sling bullets
 p - 52 arrows
 w - 23 bolts
Armour
 a - a +0 robe (worn)
 n - a +0 pair of boots (worn)
Jewellery
 j - a cursed amulet of inaccuracy {unknown}
Scrolls
 d - 3 scrolls of immolation {unknown}
 e - a scroll of fear {unknown}
 k - a scroll of magic mapping {unknown}
 q - a scroll of noise {unknown}
 r - 2 scrolls of remove curse
 y - a scroll of amnesia {unknown}
Potions
 b - a potion of flight {unknown}
 g - a potion of brilliance {unknown}
 h - 2 potions of magic {unknown}
 l - 2 potions of curing {unknown}
 m - a potion of degeneration {unknown}
 s - a potion of mutation {unknown}
 v - a potion of lignification {unknown}
 x - 2 potions of heal wounds {unknown}
Comestibles
 c - 10 rations
 z - a chunk of flesh


   Skills:
 + Level 1.6 Fighting
 + Level 1.6 Short Blades
 + Level 1.6 Long Blades
 + Level 1.6 Axes
 + Level 1.6 Maces & Flails
 + Level 1.6 Polearms
 + Level 1.6 Staves
 + Level 1.6 Slings
 + Level 1.6 Bows
 + Level 1.6 Crossbows
 + Level 1.6 Throwing
 + Level 1.6 Armour
 + Level 4.8 Dodging
 + Level 4.4 Stealth
 + Level 1.6 Shields
 + Level 1.6 Unarmed Combat
 + Level 5.2 Spellcasting
 + Level 1.2 Conjurations
 + Level 1.2 Hexes
 + Level 1.2 Charms
 + Level 1.2 Summonings
 + Level 1.2 Necromancy
 + Level 1.2 Translocations
 + Level 2.4 Transmutations
 + Level 1.2 Fire Magic
 + Level 1.2 Ice Magic
 + Level 1.2 Air Magic
 + Level 1.2 Earth Magic
 + Level 5.5 Poison Magic
 + Level 1.8 Invocations
 + Level 1.6 Evocations


You had 13 spell levels left.
You knew the following spells:

 Your Spells              Type           Power        Failure   Level  Hunger
a - Sting                 Tmut/Pois      ###.         2%          1    None

Your spell library contained the following spells:

 Spells                   Type           Power        Failure   Level  Hunger
 Poisonous Vapours        Pois/Air       ###...       4%          2    #......
 Ignite Poison            Fire/Tmut/Pois ###.....     11%         3    ##.....
 Mephitic Cloud           Conj/Pois/Air  ##......     13%         3    ##.....
 Olgreb's Toxic Radiance  Pois           ###.....     13%         4    ####...


Dungeon Overview and Level Annotations

Branches:
Dungeon (3/15)

Altars:


Innate Abilities, Weirdness & Mutations

Your experience applies equally to all skills.
You have very sharp teeth.
Your uncanny sense of smell can sniff out nearby items.


Message History

The orc wizard hits you with a +0 dagger.
You closely miss the orc wizard.
The orc wizard is severely wounded.
The orc wizard barely misses you.
You hit the orc wizard. Your bite misses the orc wizard.
The orc wizard is severely wounded.
You hit the orc wizard but do no damage.
Your bite misses the orc wizard.
The orc wizard is severely wounded.
The orc wizard points at you and mumbles some strange words.
The magic dart hits you.
* * * LOW HITPOINT WARNING * * *
You hit the orc wizard but do no damage.
The orc wizard is severely wounded.
The orc wizard closely misses you.
You hit the orc wizard but do no damage.
The orc wizard is severely wounded.
The orc wizard gestures at you while chanting.
The magic dart hits you!
You die...

### ∆ ..# #.#
### #.### #..
####.#.## #.# #
#.....#.# #.##
#o##.##.##.#.##
#.##
........##.#.#
#.##
........o@.#.#
#.##
...#########.#
#.## # #.# #...
##.# #### #..#
####### #.##
#...... #.#
#.##.## #.#
#.##.## ##.##
#.##.#.


You could see an orc wizard.

Vanquished Creatures
  An orc priest (D:3)
  3 orc wizards (D:3)
  2 adders
  3 dart slugs
  2 leopard geckos
  4 orcs (D:3)
  A ball python (D:3)
  9 giant cockroaches
  6 goblins
  7 hobgoblins
  3 bats
  5 frilled lizards
  6 kobolds
  5 rats
57 creatures vanquished.

Notes
Turn   | Place    | Note
-------+----------+-------------------------------------------
     0 | D:1      | MisterFreud the Gnoll Venom Mage began the quest for the
                  | Orb.
     0 | D:1      | Reached XP level 1. HP: 13/13 MP: 6/6
   130 | D:1      | Reached XP level 2. HP: 19/19 MP: 3/7
   748 | D:2      | Reached XP level 3. HP: 25/25 MP: 7/9
   779 | D:2      | Reached skill level 5 in Spellcasting
  1083 | D:2      | Reached skill level 1 in Invocations
  1281 | D:3      | Reached skill level 1 in Fighting
  1281 | D:3      | Reached skill level 1 in Short Blades
  1281 | D:3      | Reached skill level 1 in Long Blades
  1281 | D:3      | Reached skill level 1 in Axes
  1281 | D:3      | Reached skill level 1 in Maces & Flails
  1281 | D:3      | Reached skill level 1 in Polearms
  1281 | D:3      | Reached skill level 1 in Staves
  1281 | D:3      | Reached skill level 1 in Slings
  1281 | D:3      | Reached skill level 1 in Bows
  1281 | D:3      | Reached skill level 1 in Crossbows
  1281 | D:3      | Reached skill level 1 in Throwing
  1281 | D:3      | Reached skill level 1 in Armour
  1281 | D:3      | Reached skill level 1 in Shields
  1281 | D:3      | Reached skill level 1 in Unarmed Combat
  1281 | D:3      | Reached skill level 1 in Evocations
  1304 | D:3      | Reached XP level 4. HP: 32/32 MP: 7/11
  1483 | D:3      | Reached skill level 1 in Conjurations
  1483 | D:3      | Reached skill level 1 in Hexes
  1483 | D:3      | Reached skill level 1 in Charms
  1483 | D:3      | Reached skill level 1 in Summonings
  1483 | D:3      | Reached skill level 1 in Necromancy
  1483 | D:3      | Reached skill level 1 in Translocations
  1483 | D:3      | Reached skill level 1 in Fire Magic
  1483 | D:3      | Reached skill level 1 in Ice Magic
  1483 | D:3      | Reached skill level 1 in Air Magic
  1483 | D:3      | Reached skill level 1 in Earth Magic
  1485 | D:3      | Reached XP level 5. HP: 28/37 MP: 8/12
  1878 | D:3      | Killed from afar by an orc wizard

Levels and vault maps discovered:
D:1:      dpeg_arrival_pits, layout_loops_ring, minmay_pentomino_q2
D:2:      minmay_chambers_of_ones, layout_rooms
D:3:      layout_loops_corners, lemuel_doored_altar, first_ration,
          chequers_arboretum

Skill      XL: |  1  2  3  4 |
---------------+-------------+-----
Transmutations | 2 |  2.4
Spellcasting   | 5 |  5.2
Invocations    | 1 |  1.8
Fighting       | 1 |  1.6
Short Blades   | 1 |  1.6
Long Blades    | 1 |  1.6
Axes           | 1 |  1.6
Maces & Flails | 1 |  1.6
Polearms       | 1 |  1.6
Staves         | 1 |  1.6
Slings         | 1 |  1.6
Bows           | 1 |  1.6
Crossbows      | 1 |  1.6
Throwing       | 1 |  1.6
Armour         | 1 |  1.6
Shields        | 1 |  1.6
Unarmed Combat | 1 |  1.6
Evocations     | 1 |  1.6
Conjurations   | 1 |  1.2
Hexes          | 1 |  1.2
Charms         | 1 |  1.2
Summonings     | 1 |  1.2
Necromancy     | 1 |  1.2
Translocations | 1 |  1.2
Fire Magic     | 1 |  1.2
Ice Magic      | 1 |  1.2
Air Magic      | 1 |  1.2
Earth Magic    | 1 |  1.2
Dodging        | |  4.8
Stealth        | |  4.4
Poison Magic   | |  5.5

Action                   |  1- 3 |  4- 6 || total
-------------------------+-------+-------++-------
Melee: Unarmed           |     2 |       ||     2
       Dagger            |    15 |    43 ||    58
       Short sword       |    13 |       ||    13
       Bite              |     1 |     1 ||     2
 Cast: Sting             |    47 |    22 ||    69
  Use: Scroll            |     1 |       ||     1
 Stab: Sleeping          |     3 |       ||     3
  Eat: Chunk             |     1 |     2 ||     3
Armor: Robe              |     6 |     2 ||     8
Dodge: Dodged            |    27 |    30 ||    57

Table legend:
 A = Non-vault XP
 B = Vault XP
 C = Vault XP percentage of total XP
 D = Non-vault monster count
 E = Vault monster count
 F = Vault count percentage of total count
                 A         B        C        D         E       F
            +---------+---------+-------+---------+---------+-------
      Total |     258 |      23 |   8.2 |      51 |       6 |  10.5
            +---------+---------+-------+---------+---------+-------
        D:1 |      28 |       2 |   6.7 |      15 |       1 |   6.2
        D:2 |      23 |      21 |  47.7 |      14 |       5 |  26.3
        D:3 |     207 |       0 |   0.0 |      22 |       0 |   0.0
            +---------+---------+-------+---------+---------+-------
